[Event "*** Titled Tuesday Blitz"]
[Site "Chess.com"]
[Date "2020.11.03"]
[Round "2"]
[White "LiemLe"]
[Black "Rakhimzhan_Alen"]
[Result "1-0"]
[WhiteElo "3009"]
[BlackElo "2622"]
[TimeControl "180+1"]
[EndTime "10:19:11 PST"]
[Termination "LiemLe won by resignation"]

1. e4 e5 2. Nf3 Nc6 3. Bb5 Nf6 4. d3 Bc5 5. Nbd2 d6 6. c3 O-O 7. O-O a6 8. Ba4 Ba7 9. h3 h6 10. Re1 Ne7 11. Nf1 Ng6 12. Ng3 b5 13. Bc2 c5 14.
d4 cxd4 15. cxd4 Be6 16. Be3 Qb8 17. Qd2 Re8 18. Rad1 Qb7 19. Nf5 d5 20. Nd6 Qc7 21.
Nxe8 Rxe8 22. dxe5 Nxe4 23. Bxe4 dxe4 24. Nd4 Bxa2 25.
Rc1 Qb7 26. Nf5 Bxe3 27. Rxe3 Rxe5 28. Nd6 Rd5 29. Qb4 Qe7 30. Rc6 Rd1+ 31. Kh2 Qe5+ 32. g3 Bd5 33. Rxa6 Nh4 34. Nxe4 Nf3+ 35. Kg2 Bxe4 36.
Qxe4 Qxe4 37. Rxe4 Ne1+ 38. Kf1 Nd3+ 39. Ke2 Nxb2 40.
Ra2 Rb1 41. Rb4 Na4 42. Raxa4 1-0

[Event "*** Titled Tuesday Blitz"]
[Site "Chess.com"]
[Date "2020.11.03"]
[Round "2"]
[White "enestnrvrd"]
[Black "rasmussvane"]
[Result "0-1"]
[WhiteElo "2603"]
[BlackElo "2946"]
[TimeControl "180+1"]
[EndTime "10:19:11 PST"]
[Termination "rasmussvane won by resignation"]

1. d4 d5 2. c4 e6 3. Nf3 a6 4. Nc3 dxc4 5. e3 b5 6. a4 b4 7. Ne4 Bb7 8. Ng3 c5 9. Bxc4 Nf6 10. O-O Nbd7 11. a5 Bd6 12. Qe2 h5 13. e4 cxd4 14. Nxd4 h4 15. Ngf5 exf5 16. Nxf5 Qc7 17. h3 O-O 18.
Bg5 Bxe4 19. Rac1 Bxf5 20. Bxf7+ Rxf7 21. Rxc7 Bxc7 22. Qc4 Bxa5 23. Re1 Bb6 24. Re7 Rf8 25. Bxh4 Bg6 26. Re6 Kh7 27. Bg3 a5 28. Qh4+ Kg8 29. Qc4 Ba7 30. Re7 Kh7 31. Qh4+ Nh5 32. Rxf7 Rxf7 33.
Bd6 Bxf2+ 34. Qxf2 Rxf2 35. Kxf2 Nhf6 36. Ke3 Kg8 37. Bc7 a4 38. Bd6 Kf7 39. Bxb4 Nd5+ 0-1

[Event "*** Titled Tuesday Blitz"]
[Site "Chess.com"]
[Date "2020.11.03"]
[Round "2"]
[White "Evgeny81"]
[Black "FontVella8"]
[Result "1-0"]
[WhiteElo "2710"]
[BlackElo "2476"]
[TimeControl "180+1"]
[EndTime "10:19:11 PST"]
[Termination "Evgeny81 won by resignation"]

1. Nf3 g6 2. c4 Bg7 3. d4 c6 4. e4 d6 5. Nc3 a6 6. a4 a5 7. Be2 Na6 8. O-O Nf6 9. Re1 O-O 10. h3 Qc7 11. Be3 e5 12. d5 Nd7 13. Rc1 Ndc5 14.
Bf1 h6 15. g3 f5 16. exf5 gxf5 17. Nh4 Bd7 18. Bg2 Rae8 19. Qh5 Rf6 20. dxc6 bxc6 21. Rcd1 Ref8 22. Qe2 Be6 23. g4 fxg4 24. hxg4 Qd7 25. g5 Rf4 26. gxh6 Bxh6 27. Ng6 Bxc4 28. Qh5 Qg7 29.
Nxf8 Qxf8 30. Qg6+ Qg7 31. Qxg7+ Kxg7 32. Bxf4 Bxf4 33.
Rxd6 Nd3 34. Rd1 Nab4 35. Ne4 Bb3 36. R1xd3 Nxd3 37. Rxd3 Bxa4 38. Rd7+ Kg6 39. Nc3 Bc2 40. Be4+ Bxe4 41. Nxe4 Kf5 42. f3 Ke6 43. Rd6+ 1-0

[Event "*** Titled Tuesday Blitz"]
[Site "Chess.com"]
[Date "2020.11.03"]
[Round "2"]
[White "ehrenfeld"]
[Black "Fortitudine"]
[Result "1-0"]
[WhiteElo "2469"]
[BlackElo "2290"]
[TimeControl "180+1"]
[EndTime "10:19:12 PST"]
[Termination "ehrenfeld won on time"]

1. e4 c5 2. Nc3 e6 3. f4 Nc6 4. Nf3 a6 5. g3 d6 6. Bg2 Be7 7. O-O Nf6 8. d3 O-O 9. h3 Rb8 10. g4 b5 11. Ne2 Nd7 12. Be3 Bb7 13. Ng3 b4 14. g5 d5 15. f5 dxe4 16. dxe4 Nde5 17.
Nxe5 Nxe5 18. Qe2 Bxg5 19. Bxc5 Re8 20. Rad1 Qc7 21. Bd6 Qb6+ 22. Kh1 Bc6 23. Bxe5 Bb5 24. Qg4 Bxf1 25. Qxg5 Bxg2+ 26. Kxg2 f6 27. Bxf6 Rb7 28. Be5 exf5 29. Nxf5 Qg6 30. Qxg6 hxg6 31. Nd6 Rd7 32. Bg3 Rxe4 33. Rd3 Re2+ 34. Kf3 Rxc2 35. b3 Rxa2 36. Be5 Rc2 37. h4 a5 38. Ke4 Re2+ 39. Kd5 Rf2 40. Ke6 Rd8 41. Rg3 1-0

[Event "*** Titled Tuesday Blitz"]
[Site "Chess.com"]
[Date "2020.11.03"]
[Round "2"]
[White "Lion-Al-Messi"]
[Black "Sergienko_Sergey"]
[Result "1-0"]
[WhiteElo "2541"]
[BlackElo "2318"]
[TimeControl "180+1"]
[EndTime "10:19:13 PST"]
[Termination "Lion-Al-Messi won by checkmate"]

1. e4 c5 2. Nf3 a6 3. c3 e6 4.
d4 d5 5. exd5 exd5 6. dxc5 Bxc5 7. Bd3 Nf6 8. O-O O-O 9. Nbd2 Nc6 10. Nb3 Bb6 11. Nfd4 Qd6 12. Bg5 Bc7 13. g3 Bg4 14. Qc2 h6 15. Bf4 Qd8 16. Bxc7 Qxc7 17. Rae1 Bh3 18. Nf5 Bxf1 19. Bxf1 Rfe8 20. Rd1 Rad8 21. Bg2 Ne4 22. Qe2 Nxg3 23. Nxh6+ Kh8 24. Qd2 Ne2+ 25. Kh1 Kh7 26. Nf5 Qf4 27. Qd3 Kg8 28.
Nc5 Re5 29. Ng3 Qxf2 30. Nxb7 Nxg3+ 31. Qxg3 Qxg3 32. hxg3 Rb8 33. Nc5 Rxb2 34. Nd3 Rh5+ 35. Kg1 Rxa2 36. Nf4 Re5 37. Bxd5 Rc2 38. Bxc6 Rxc3 39.
Bb7 Rxg3+ 40. Kf2 Ra3 41. Nd5 Rf5+ 42. Kg2 Rg5+ 43. Kf2 Rf5+ 44. Ke2 Re5+ 45. Kd2 Kf8 46. Rc1 Ra2+ 47. Kd3 Rh5 48. Rc8# 1-0

[Event "*** Titled Tuesday Blitz"]
[Site "Chess.com"]
[Date "2020.11.03"]
[Round "2"]
[White "Goryachkina"]
[Black "ChronicUnhappiness"]
[Result "0-1"]
[WhiteElo "2613"]
[BlackElo "2349"]
[TimeControl "180+1"]
[EndTime "10:19:14 PST"]
[Termination "ChronicUnhappiness won on time"]

1. e4 c5 2. Nf3 Nc6 3. Bb5 g6 4.
O-O Bg7 5. Re1 Nf6 6. e5 Nd5 7. Nc3 Nc7 8. Bxc6 dxc6 9. Ne4 b6 10. Nf6+ Kf8 11. Ne4 Ne6 12. d3 h6 13. a4 a5 14. h3 Kg8 15. Be3 Nd4 16. Nxd4 cxd4 17. Bf4 c5 18. b3 Bb7 19. f3 Qd5 20. e6 f5 21. Nd2 Rc8 22. Nc4 Rc6 23. Be5 Rxe6 24.
Bxg7 Kxg7 25. Rxe6 Qxe6 26. Qd2 Qf6 27. Re1 Bd5 28. Ne5 Rd8 29. f4 g5 30. Re2 Kh7 31.
Kh2 Rg8 32. g3 Rd8 33. Qc1 Bb7 34. Qd2 Rg8 35. Nd7 Qd6 36. Ne5 Qd5 37. Kg1 Qh1+ 38. Kf2 Qh2+ 39. Kf1 Qxg3 40. Rf2 Qxh3+ 41. Ke2 Qh5+ 42.
Ke1 g4 43. Rf1 g3 44. Rg1 Qh2 0-1

[Event "*** Titled Tuesday Blitz"]
[Site "Chess.com"]
[Date "2020.11.03"]
[Round "2"]
[White "Semen_Khanin"]
[Black "KaterinaMiroshnik"]
[Result "1-0"]
[WhiteElo "2782"]
[BlackElo "2508"]
[TimeControl "180+1"]
[EndTime "10:19:15 PST"]
[Termination "Semen_Khanin won by resignation"]

1. e4 d6 2. d4 Nf6 3. Nc3 e5 4.
Nf3 Nbd7 5. Bc4 Be7 6. a4 O-O 7. O-O c6 8. h3 Qc7 9. Qe2 b6 10. Rd1 Bb7 11. Be3 a6 12. Ba2 b5 13. axb5 axb5 14.
b4 Nb6 15. Nh4 Rfe8 16. Nf5 Bf8 17. Qf3 Nc4 18. Bxc4 bxc4 19. dxe5 dxe5 20. Bc5 Rxa1 21. Rxa1 Bc8 22. Ra7 Qd8 23. g4 Bxc5 24. bxc5 Bxf5 25. exf5 Qc8 26. Ne4 Nxe4 27. Qxe4 f6 28. Qxc4+ Kh8 29.
Qf7 Rg8 30. Qc7 Qe8 31. Kg2 e4 32. Qe7 Qb8 33. Rd7 Qf4 34. Rd8 Qf3+ 35. Kg1 h6 36. Rd4 e3 37. Qxe3 Qxe3 38. fxe3 Re8 39. Kf2 1-0

[Event "*** Titled Tuesday Blitz"]
[Site "Chess.com"]
[Date "2020.11.03"]
[Round "2"]
[White "almatyonelove"]
[Black "MarkoPe"]
[Result "1-0"]
[WhiteElo "2573"]
[BlackElo "2223"]
[TimeControl "180+1"]
[EndTime "10:19:15 PST"]
[Termination "almatyonelove won on time"]

1. d4 Nf6 2. c4 e6 3. Nf3 Bb4+ 4.
Bd2 Qe7 5. g3 Bxd2+ 6. Nbxd2 d5 7.
Bg2 O-O 8. O-O b6 9. cxd5 exd5 10. Rc1 c6 11. Ne5 Bb7 12. Qa4 Qd6 13. e3 Nbd7 14. Nxc6 Rfc8 15. Nb4 a5 16. Nd3 Ba6 17. Rxc8+ Rxc8 18. Rc1 Rxc1+ 19. Nxc1 Qc7 20. Qd1 h6 21. h3 Nb8 22. Nb1 Nc6 23. Nc3 Qd6 24. Qb3 Ne7 25. Bf1 Bxf1 26. Kxf1 h5 27. N1e2 h4 28. Kg2 hxg3 29. Nxg3 g6 30. Qb5 Kg7 31. a3 Nh7 32. Qe8 Qe6 33. Nce2 g5 34. Nh5+ Kh6 35. Neg3 f5 36.
Qh8 Qg6 37. Qd8 Qe6 38. Qxe7 Qxe7 39. Nxf5+ Kxh5 40. Nxe7 Nf6 41. Nc8 b5 42. Nd6 b4 43.
a4 b3 44. Nb7 Ne4 45. Nxa5 Nc3 46. Nxb3 Nxa4 47. Nc5 Nxb2 48. Ne6 Nc4 49. Nc7 Nb6 50.
Kg3 Kg6 51. Kg4 Kf6 52. Kh5 Kf5 53. Kh6 Kf6 54. Kh7 Kf5 55. Kh6 Kf6 56. Kh5 Kf5 57. f3 Kf6 58. e4 dxe4 59. fxe4 Nc4 60. Nd5+ Ke6 61. Nc3 1-0

[Event "*** Titled Tuesday Blitz"]
[Site "Chess.com"]
[Date "2020.11.03"]
[Round "2"]
[White "Aleksey_Sorokin"]
[Black "MatyChess1"]
[Result "1-0"]
[WhiteElo "2879"]
[BlackElo "2577"]
[TimeControl "180+1"]
[EndTime "10:19:16 PST"]
[Termination "Aleksey_Sorokin won on time"]

1. d4 Nf6 2. c4 e6 3. Nf3 d5 4. g3 Bb4+ 5. Bd2 Be7 6. Bg2 O-O 7. O-O c6 8. Qc2 Nbd7 9. Bf4 Nh5 10. Bc1 f5 11. b3 Nhf6 12. Ba3 Bxa3 13. Nxa3 Qe7 14. Nb1 b6 15. Nc3 Ba6 16. Qd3 Rac8 17. Rfd1 Ne4 18.
Qe3 Qa3 19. Nxe4 fxe4 20. Ng5 Rf6 21. Bh3 Nf8 22. Bg4 h6 23. Nh3 Ng6 24. f3 dxc4 25. Qxe4 Qd6 26. e3 Ne7 27. Nf4 Nf5 28. Rdc1 g5 29. Nxe6 Rxe6 30. Qxf5 Rxe3 31. Re1 Rce8 32. Rxe3 Rxe3 33. Rd1 cxb3 34. axb3 Rxb3 35. Bh5 Qe7 36. Qg6+ Qg7 37. Qe6+ Kh7 38. Qxb3 Be2 39. Qc2+ Kh8 40.
Qxe2 1-0

[Event "*** Titled Tuesday Blitz"]
[Site "Chess.com"]
[Date "2020.11.03"]
[Round "2"]
[White "vladgoncharov"]
[Black "sopo-tereladze"]
[Result "1-0"]
[WhiteElo "2488"]
[BlackElo "2307"]
[TimeControl "180+1"]
[EndTime "10:19:16 PST"]
[Termination "vladgoncharov won on time"]

1. d4 Nf6 2. c4 e6 3. Nf3 d5 4. g3 Be7 5. Bg2 O-O 6. O-O dxc4 7. Ne5 Nc6 8. Bxc6 bxc6 9. Nxc6 Qe8 10. Nxe7+ Qxe7 11. Qa4 Bb7 12. Qxc4 e5 13. dxe5 Qxe5 14.
f3 Rfe8 15. Nc3 Nd5 16. e4 Nxc3 17. Qxc3 Qh5 18. Bf4 Rac8 19. g4 Qh3 20. Bg3 h5 21.
gxh5 Qxh5 22. Rac1 Re6 23. Qc5 Qh3 24. Qxa7 Ba6 25. Rf2 Rg6 26. Rg2 Bd3 27. Qe3 Rd8 28. Rd1 Qd7 29. Rgd2 Qh3 30. Qf2 Kh7 31. Rxd3 Rb8 32.
R3d2 Rb5 33. Qf1 Qh5 34. Rd5 Rxd5 35. Rxd5 Qh6 36. Kg2 Rb6 37. Qe2 Qc1 38. Rd2 c5 39. b3 Rg6 40. Rc2 Qa3 41. Qc4 1-0

[Event "*** Titled Tuesday Blitz"]
[Site "Chess.com"]
[Date "2020.11.03"]
[Round "2"]
[White "BogdanDeac"]
[Black "AliKa2810"]
[Result "1-0"]
[WhiteElo "2873"]
[BlackElo "2573"]
[TimeControl "180+1"]
[EndTime "10:19:17 PST"]
[Termination "BogdanDeac won on time"]

1. d4 d5 2. c4 c6 3. Nf3 Nf6 4. Nc3 dxc4 5. a4 Bf5 6. Ne5 e6 7. f3 Bb4 8. Nxc4 O-O 9. Kf2 c5 10. e4 Bg6 11. Na2 Nc6 12. Nxb4 Nxb4 13. Qb3 Bxe4 14. fxe4 Qxd4+ 15. Be3 Qxe4 16. Be2 Rad8 17. Rhd1 b6 18. Rxd8 Rxd8 19. Rd1 Nbd5 20. h3 h5 21. Bf3 Qf5 22. Kg1 h4 23. Bf2 Qg5 24. Ne3 Rd7 25.
Nxd5 exd5 26. Qe3 Qf5 27. Qe1 g5 28. Qe2 Kg7 29. Qd3 Qxd3 30. Rxd3 d4 31. Rd2 Nd5 32. Re2 Nf4 33. Rd2 f6 34. b4 Nd5 35. bxc5 bxc5 36. Rc2 Nc3 37. a5 Rc7 38. Be1 1-0

[Event "*** Titled Tuesday Blitz"]
[Site "Chess.com"]
[Date "2020.11.03"]
[Round "2"]
[White "Kavyev_Ruslan"]
[Black "snowlord"]
[Result "1-0"]
[WhiteElo "2513"]
[BlackElo "2732"]
[TimeControl "180+1"]
[EndTime "10:19:17 PST"]
[Termination "Kavyev_Ruslan won by resignation"]

1. d4 Nf6 2. c4 d6 3. Nf3 Nc6 4. Nc3 e5 5. d5 Ne7 6. e4 Ng6 7. Be2 Be7 8. Be3 O-O 9. Qd2 Ng4 10. O-O-O a5 11. Kb1 a4 12. a3 Nxe3 13. Qxe3 Nf4 14. h3 Nxg2 15. Qd2 Nf4 16. h4 f5 17. Bd3 Qe8 18. Bc2 Qh5 19. Ng5 Bxg5 20. hxg5 Qxg5 21. Rdg1 Qf6 22. Nxa4 fxe4 23. Nc3 Bf5 24. Bxe4 h6 25. Ka1 Kh8 26. f3 c6 27. dxc6 bxc6 28. Bxc6 Rac8 29. Nd5 Nxd5 30. Bxd5 Be6 31. Rd1 Bxd5 32. Qxd5 Qxf3 33. Qxd6 Qf6 34. c5 Rce8 35. Rhe1 e4 36. Qd5 e3 37. Qd3 Qe5 38. c6 Rc8 39. Rc1 Qc5 40. Rxc5 1-0

[Event "*** Titled Tuesday Blitz"]
[Site "Chess.com"]
[Date "2020.11.03"]
[Round "2"]
[White "mc4chess"]
[Black "anon102030"]
[Result "1-0"]
[WhiteElo "2409"]
[BlackElo "2666"]
[TimeControl "180+1"]
[EndTime "10:19:17 PST"]
[Termination "mc4chess won on time"]

1. e4 e5 2. Nf3 Nc6 3. Bb5 Nge7 4. O-O d6 5. c3 Bd7 6. d4 Ng6 7. Re1 Be7 8. Nbd2 O-O 9. Nf1 Nxd4 10. Nxd4 exd4 11.
Bxd7 Qxd7 12. cxd4 d5 13. e5 c5 14. Ne3 Rfd8 15. b3 cxd4 16. Nc2 Rac8 17. Nxd4 Qc7 18. Bb2 Bb4 19. Re2 Nxe5 20. Nb5 Qb6 21. Rxe5 Qxb5 22. Qg4 Bc3 23. Rc1 Qb4 24. Qxb4 Bxb4 25.
Rxc8 Rxc8 26. Rxd5 f6 27. g3 Rc2 28. Bd4 a6 29. Rd8+ Kf7 30. Rd7+ Kg6 31. Rxb7 a5 32.
a4 Rc1+ 33. Kg2 Rb1 34. Bb6 Rxb3 35. Bxa5 Ra3 36. Rxb4 Ra2 37. h4 Kf5 38. Bb6 g5 39. a5 h5 40. hxg5 fxg5 41. Be3 g4 42. Rb5+ Ke4 43.
Rxh5 1-0

[Event "*** Titled Tuesday Blitz"]
[Site "Chess.com"]
[Date "2020.11.03"]
[Round "2"]
[White "TheCavemanChesss"]
[Black "marabu44"]
[Result "1-0"]
[WhiteElo "2454"]
[BlackElo "2260"]
[TimeControl "180+1"]
[EndTime "10:19:17 PST"]
[Termination "TheCavemanChesss won on time"]

1. e4 e5 2. Nf3 Nc6 3. Bb5 a6 4. Ba4 d6 5. O-O Bd7 6. c3 Nf6 7. Re1 g6 8. d4 b5 9. Bb3 Bg7 10.
a4 O-O 11. Bg5 h6 12. Bh4 Re8 13. dxe5 Nxe5 14. Nxe5 Rxe5 15. f4 Rh5 16. Bg3 Bc6 17. Nd2 Qd7 18. axb5 axb5 19. Rxa8+ Bxa8 20. e5 Nd5 21. Ne4 dxe5 22. fxe5 Qc6 23. Qd4 Qb6 24.
Qxb6 Nxb6 25. Nf6+ Bxf6 26. exf6 Bd5 27. Re8+ Kh7 28.
Bd1 Rf5 29. Bxc7 Nd7 30. Be2 Bc4 31. Bxc4 bxc4 32. Re7 Nxf6 33. Rxf7+ Kg8 34. Re7 Nd5 35. Rd7 Ne3 36. h3 Rf1+ 37. Kh2 Rf2 38. Kg3 Rxb2 39. Be5 Nf5+ 40. Kh2 Re2 41. Bf6 h5 42. Rc7 Re4 43. Kg1 h4 44. Kf2 Ng3 45. Kf3 Re6 46. Bxh4 Nf5 47. Bf2 Kf8 48. Rxc4 1-0

[Event "*** Titled Tuesday Blitz"]
[Site "Chess.com"]
[Date "2020.11.03"]
[Round "2"]
[White "sergiochess83"]
[Black "lukas_111111"]
[Result "0-1"]
[WhiteElo "2776"]
[BlackElo "2542"]
[TimeControl "180+1"]
[EndTime "10:19:18 PST"]
[Termination "lukas_111111 won by resignation"]

1. e4 e5 2. Nf3 Nc6 3. Bb5 a6 4. Ba4 Nge7 5. c3 d6 6. d4 Bd7 7. O-O Ng6 8. Re1 Be7 9. Be3 O-O 10.
Nbd2 h6 11. Nf1 Bg5 12. Nxg5 hxg5 13. g3 Qf6 14. d5 Nb8 15. Bxd7 Nxd7 16. Qh5 Qd8 17.
Bxg5 Qb8 18. Ne3 c6 19. Rad1 Nc5 20. Nf5 cxd5 21. exd5 Nd7 22. Be7 Re8 23. Bxd6 Qc8 24. Ne3 Nf6 25. Qf5 Qd8 26. Ba3 e4 27. Ng4 Nxg4 28.
Qxg4 e3 29. Rxe3 Rxe3 30. fxe3 Ne5 31. Qf5 Qe8 32. d6 Rd8 33. e4 g6 34. Qf6 Ng4 35. Qd4 Qe6 36. d7 Ne5 37. b3 Rxd7 38. Kg2 Rxd4 39.
Rxd4 Nc6 40. Rd6 Qxe4+ 0-1

[Event "*** Titled Tuesday Blitz"]
[Site "Chess.com"]
[Date "2020.11.03"]
[Round "2"]
[White "Orest_Vovk"]
[Black "Vyacheslav_N"]
[Result "0-1"]
[WhiteElo "2455"]
[BlackElo "2332"]
[TimeControl "180+1"]
[EndTime "10:19:18 PST"]
[Termination "Vyacheslav_N won by checkmate"]

1. e4 c5 2. Be2 Nc6 3. f4 d5 4. d3 Nf6 5. Nc3 e6 6. Nf3 Be7 7. O-O O-O 8. Re1 b6 9. Bf1 Bb7 10. e5 Nd7 11. Ne2 Re8 12. c3 f5 13. d4 a5 14. Be3 a4 15. h3 b5 16. g4 g6 17.
Ng3 cxd4 18. cxd4 Qb6 19. gxf5 exf5 20. h4 h5 21. Ng5 Nf8 22. Kh2 Bxg5 23. fxg5 Ne6 24.
Ne2 Nxe5 25. dxe5 Qxe3 26. Bg2 Qf2 27. Rf1 Qxh4+ 28. Kg1 Qxg5 29. Nd4 Nf4 30. Rxf4 Qxf4 31. e6 Qe3+ 32. Kh1 Rac8 33. Nxb5 Rxe6 34. Qxa4 Rc1+ 35. Rxc1 Qxc1+ 36. Kh2 Qc8 37. Qd4 Qb8+ 38. Kh1 Re1+ 39. Bf1 Rxf1+ 40. Kg2 Qf4 41. Qf6 Qf3+ 42. Kh2 Rh1# 0-1

[Event "*** Titled Tuesday Blitz"]
[Site "Chess.com"]
[Date "2020.11.03"]
[Round "2"]
[White "GjakanTati"]
[Black "esrosenberg"]
[Result "1-0"]
[WhiteElo "2613"]
[BlackElo "2328"]
[TimeControl "180+1"]
[EndTime "10:19:19 PST"]
[Termination "GjakanTati won by resignation"]

1. e4 c6 2. d4 d5 3. Nc3 dxe4 4.
Nxe4 Bf5 5. Ng3 Bg6 6. Nf3 Nd7 7. h4 h6 8. h5 Bh7 9. Bd3 Bxd3 10. Qxd3 e6 11.
O-O Ngf6 12. Bf4 Be7 13. c4 O-O 14. a3 Re8 15. Rfd1 a5 16. Rab1 a4 17. b4 axb3 18. Rxb3 b5 19. cxb5 cxb5 20. Qxb5 Ra5 21. Qd3 Nxh5 22.
Nxh5 Rxh5 23. Ne5 Nxe5 24. dxe5 Qa8 25. Qf3 Qxf3 26. Rxf3 Ra8 27. Rdd3 Ra4 28. g3 g5 29. Bc1 g4 30. Rf4 Rxf4 31. Bxf4 Rf5 32. a4 f6 33. Rd7 fxe5 34. Be3 Bg5 35. Bb6 e4 36. a5 e3 37. fxe3 Rf3 38. a6 Rxg3+ 39. Kh2 Rh3+ 40. Kg2 Bxe3 41. Bxe3 Rxe3 42. a7 Ra3 43. Rd8+ Kf7 44. a8=Q Rxa8 45. Rxa8 h5 46. Kg3 Kf6 47. Kh4 Kf5 48. Kxh5 g3 49. Kh4 Kf4 50.
Rf8+ Ke3 51. Kxg3 e5 52. Re8 e4 53. Kg2 Kd3 54. Kf1 e3 55. Ke1 1-0

[Event "*** Titled Tuesday Blitz"]
[Site "Chess.com"]
[Date "2020.11.03"]
[Round "2"]
[White "Nara_Kh"]
[Black "IwkooO"]
[Result "0-1"]
[WhiteElo "2335"]
[BlackElo "2651"]
[TimeControl "180+1"]
[EndTime "10:19:21 PST"]
[Termination "IwkooO won by checkmate"]

1. e4 c5 2. Nf3 e6 3. d4 cxd4 4. Nxd4 Nc6 5. Nc3 a6 6. Be3 Nf6 7. Qf3 Bb4 8. Nxc6 bxc6 9. e5 Nd5 10. Bd2 Qc7 11. Qg3 g6 12. Be2 h5 13. h4 Nxc3 14. bxc3 Be7 15. O-O a5 16. Rfe1 Ba6 17.
c4 Qd8 18. Bg5 Bxg5 19. hxg5 O-O 20. Rad1 Rb8 21. Rd4 Rb2 22. Red1 Rxc2 23. Rxd7 Qb6 24. Bxh5 Bxc4 25. R1d4 Rc1+ 26. Kh2 Qb1 27. Rd1 gxh5 28. Rxc1 Qxc1 29. g6 Qh6 30. gxf7+ Kh8 31. Qh4 Bd5 32. Rd8 Kg7 33. Rxf8 Kxf8 34. Qd8+ Kxf7 35. Qxa5 Qf4+ 36. Kg1 Qxe5 37. Qa7+ Kg6 38. a4 Qe1+ 39. Kh2 Qe4 40. Kg3 Qxg2+ 41. Kf4 Qf3+ 42. Ke5 h4 43. a5 h3 44. a6 h2 45. Qb6 h1=Q 46. a7 Qh2+ 47. Kd4 Qhxf2+ 48. Ke5 Qf4# 0-1

[Event "*** Titled Tuesday Blitz"]
[Site "Chess.com"]
[Date "2020.11.03"]
[Round "2"]
[White "Shota_Azaladze"]
[Black "Bigfish1995"]
[Result "0-1"]
[WhiteElo "2622"]
[BlackElo "3007"]
[TimeControl "180+1"]
[EndTime "10:19:23 PST"]
[Termination "Bigfish1995 won by resignation"]

1. Nf3 c5 2. g3 Nc6 3. Bg2 e5 4. c4 e4 5. Ng1 f5 6. d3 exd3 7. Qxd3 Nf6 8. Nc3 Ne5 9. Qxf5 Nxc4 10. Qd3 Ne5 11. Qd1 Be7 12. Nf3 Nf7 13. O-O d5 14. Ng5 d4 15. Nce4 Nxg5 16. Nxg5 h6 17. Nf3 Be6 18.
e3 O-O 19. exd4 Bd5 20. Be3 c4 21. Nd2 b5 22. a4 a6 23. Bxd5+ Qxd5 24. Qf3 Bb4 25.
axb5 axb5 26. Qxd5+ Nxd5 27. Ne4 Rxa1 28. Rxa1 Re8 29. Nc5 Nxe3 30. fxe3 Rxe3 31. Ra8+ Kh7 32. Rb8 Re1+ 33. Kf2 Rb1 34. Rxb5 Rxb2+ 35. Kf3 c3 36. Nd3 c2 37. Ke4 Rb3 38. Nc1 Rb1 39. Nd3 Ba3 40.
Ra5 Rb3 41. Ra4 Rxd3 42. Rc4 Rd2 43. d5 c1=Q 0-1

[Event "*** Titled Tuesday Blitz"]
[Site "Chess.com"]
[Date "2020.11.03"]
[Round "2"]
[White "Margency"]
[Black "SanchezKelvin"]
[Result "0-1"]
[WhiteElo "2704"]
[BlackElo "2397"]
[TimeControl "180+1"]
[EndTime "10:19:23 PST"]
[Termination "SanchezKelvin won by resignation"]

1. e4 c5 2. Nf3 d6 3. d4 cxd4 4. Nxd4 Nf6 5. Nc3 g6 6. Be3 Bg7 7. f3 O-O 8. Qd2 Nc6 9. Bc4 Ne5 10. Bb3 Bd7 11. h4 h5 12. O-O-O Rc8 13. Bg5 Rc5 14. Kb1 Re8 15. g4 hxg4 16. h5 Nxh5 17. Nd5 Qa5 18.
Nxe7+ Kf8 19. Qxa5 Rxa5 20. f4 Nf3 21. Nxf3 gxf3 22. Rxd6 Rxe7 23. e5 Ng3 24. Rh2 Ne4 25. Bxe7+ Kxe7 26. Rd1 Bg4 27. Rf1 Bh5 28. Kc1 Ng3 29.
Rff2 Ne2+ 30. Kd2 Nxf4 31. Ke3 Ne6 32. Rxh5 gxh5 33. Rxf3 Rxe5+ 34. Kf2 f5 35. c3 f4 36. Rd3 Nc5 37. Rh3 Nxb3 38. axb3 Rg5 39. Rd3 Be5 40.
Rd5 h4 41. Kf3 h3 42. Rd2 Kf6 43. Rh2 Rg3+ 44. Ke4 Bc7 45. b4 f3 46. Ke3 Kf5 47.
c4 Kg4 48. c5 Bf4+ 49. Ke4 Rg2 50. Rh1 Re2+ 51. Kd3 Re3+ 52. Kd4 f2 53. Rf1 Kf3 54. b5 Re1 0-1

[Event "*** Titled Tuesday Blitz"]
[Site "Chess.com"]
[Date "2020.11.03"]
[Round "2"]
[White "VladimirBelous"]
[Black "TokChess"]
[Result "1/2-1/2"]
[WhiteElo "2821"]
[BlackElo "2464"]
[TimeControl "180+1"]
[EndTime "10:19:24 PST"]
[Termination "Game drawn by repetition"]

1. Nf3 Nf6 2. c4 g6 3. Nc3 d5 4. cxd5 Nxd5 5. Qa4+ Nc6 6. Ne5 Nb6 7. Nxc6 bxc6 8. Qxc6+ Bd7 9. Qf3 Bg7 10. g3 O-O 11.
Bg2 a5 12. O-O a4 13. a3 Qb8 14. d3 Ra6 15. Qf4 c5 16. Qxb8 Rxb8 17. Bf4 e5 18.
Be3 c4 19. Rfd1 Bf5 20. Bxb6 Rbxb6 21. dxc4 Rxb2 22. Rd8+ Bf8 23. Bd5 Kg7 24. e3 Rb3 25. Nb5 Be6 26. Nc7 Bxd5 27. Nxa6 Bxc4 28. Nc7 Rxa3 29. Rxa3 Bxa3 30. Ra8 Bb3 31. g4 Be7 32.
Kg2 a3 33. h4 a2 34. g5 h6 35. f4 exf4 36. exf4 hxg5 37. hxg5 Bc5 38. Ne8+ Kf8 39. Nd6+ Ke7 40. Ne4 Bd5 41. Rxa2 Bxe4+ 42. Kg3 Bd5 43. Ra5 Kd6 44. Ra6+ Bc6 45. Ra5 Bd4 46. Ra6 Bg7 47. Ra5 Bd4 48. Ra6 Bc5 49. Ra5 Bd4 1/2-1/2

[Event "*** Titled Tuesday Blitz"]
[Site "Chess.com"]
[Date "2020.11.03"]
[Round "2"]
[White "Chamal_Gedgafov"]
[Black "mjray79"]
[Result "0-1"]
[WhiteElo "2136"]
[BlackElo "2476"]
[TimeControl "180+1"]
[EndTime "10:19:24 PST"]
[Termination "mjray79 won on time"]

1. d4 Nf6 2. c4 g6 3. Nc3 Bg7 4. e4 d6 5. Nf3 O-O 6. Be2 e5 7.
d5 a5 8. Be3 Na6 9. Nd2 Bd7 10.
O-O h6 11. a3 Nh7 12. Rb1 f5 13. f3 f4 14. Bf2 g5 15. b4 axb4 16. axb4 h5 17.
c5 Nf6 18. c6 bxc6 19. dxc6 Be6 20. Bc4 Bxc4 21. Nxc4 g4 22. Bh4 Qe8 23. Nd5 g3 24. b5 Nc5 25. Nxc7 Qf7 26. Nxa8 Qxc4 27. Nb6 Qc3 28. Nd5 Nxd5 29. Qxd5+ Kh7 30. hxg3 Qe3+ 31.
Kh1 Nd3 32. c7 fxg3 33. Bxg3 h4 34. Bxh4 Nf4 35. Qxd6 Ng6 36. Bg3 Rf6 37. Qd7 Nf4 38. c8=Q Rh6+ 39. Bh2 Qe2 40. Qf5+ Rg6 41. Qh3+ Rh6 42.
Qxh6+ Bxh6 43. Qf5+ Ng6 44. Rbc1 Bxc1 45. Rxc1 Kh6 0-1

[Event "*** Titled Tuesday Blitz"]
[Site "Chess.com"]
[Date "2020.11.03"]
[Round "2"]
[White "Kaua18"]
[Black "andriipalchuk"]
[Result "1-0"]
[WhiteElo "2300"]
[BlackElo "2443"]
[TimeControl "180+1"]
[EndTime "10:19:24 PST"]
[Termination "Kaua18 won by resignation"]

1. e4 e5 2. Nf3 Nc6 3. Bb5 a6 4. Ba4 Nf6 5. O-O Nxe4 6. d4 b5 7. Bb3 d5 8. dxe5 Be6 9. c3 Bc5 10. Nbd2 O-O 11. Bc2 Nxf2 12. Rxf2 Bxf2+ 13. Kxf2 f6 14.
exf6 Qxf6 15. Kg1 Bg4 16. h3 Bh5 17. a4 Rae8 18. axb5 axb5 19. Ra6 Re6 20. Bb3 Qf5 21. Qc2 Qxc2 22. Bxc2 Bxf3 23. Nxf3 Rxf3 24. gxf3 Re1+ 25. Kf2 Rxc1 26. Bf5 Ne5 27. Be6+ Kf8 28. Bxd5 Nd3+ 29. Ke3 Nxb2 30. Rc6 Nc4+ 31. Kd4 Rd1+ 32. Kc5 Nb6 33. Be4 Nd7+ 34. Kxb5 Rb1+ 35. Ka4 Rb7 36. Bxh7 Ke7 37. Be4 Kd8 38. Rg6 Ra7+ 39. Kb3 Ra5 40. Rxg7 Rh5 41. Kc2 Rxh3 42. Rxd7+ 1-0

[Event "*** Titled Tuesday Blitz"]
[Site "Chess.com"]
[Date "2020.11.03"]
[Round "2"]
[White "Eloist"]
[Black "Piotrek1979"]
[Result "0-1"]
[WhiteElo "2221"]
[BlackElo "2431"]
[TimeControl "180+1"]
[EndTime "10:19:25 PST"]
[Termination "Piotrek1979 won by resignation"]

1. e4 c5 2. Nf3 Nc6 3. Bb5 g6 4. Bxc6 dxc6 5. d3 Bg7 6. O-O e5 7. a4 a5 8. Na3 Ne7 9. Nc4 Qc7 10.
Be3 b6 11. b4 axb4 12. a5 bxa5 13. Bxc5 O-O 14. Bxb4 a4 15. Bd6 Qd8 16. Bxe5 f6 17. Bd6 Be6 18. Nfd2 Rf7 19. Qe2 Nc8 20. Bc5 Rb7 21. f4 Rb5 22. d4 f5 23. e5 Ne7 24.
Nd6 Rb2 25. Qd3 Qb8 26. N6c4 Rb7 27. Nd6 Rb2 28. N2c4 Nd5 29. Nxb2 Qxb2 30. c4 Nxf4 31. Rxf4 Qxa1+ 32. Rf1 Qb2 33. d5 cxd5 34. cxd5 Qxe5 35.
dxe6 Qxc5+ 36. Kh1 Bf6 37. Re1 a3 38. h3 a2 39. e7 a1=Q 40. Qb3+ Kg7 41. Qf7+ Kh6 42. e8=Q Rxe8 43. Qxe8 Qxe1+ 44. Qxe1 Qxd6 45. Qf1 Bg5 0-1